Unix NetHack Version 5.0.0-0 post-release - last build May 10 2026 23:12:36 (d1fa5d53e341ca933230fdaa984d921c805b60aa,branch:main).

Game began 2026-05-10 14:46:02, ended 2026-05-11 02:49:22.

Gary, lawful male human Samurai

                 ----                                 ----     ----
                 |..------  --#                      --..|     |..|  ------
          ----   |).)....----.#-    #---##        ---|...---   |..----....----
     ------..------.----....*..--####....####------.--.....|    .............|
     |)......^....).|  --..................................------.-..........--
 --  |-.^........----   ----.--###-#-#--...-##-.....).).......................|
 |. --...........|         ---         |..--##%.........)...----.............-|
 |.....---.......--                    ----   -#..............|........^......|
 ------- ---......----          ---          --##---.........................--
           |.........----       |..    --- ---..-- |..--.....................-
          --............----   --.... --..--.....--------............---.|....|
          |......-.........|   |..................|    |............--  ---..--
     ##-- |-...............--  |..................---- -......---...|       --
     |..| |..--....|.--.....|  ---.. ----..........|.--.......| |...-
     |.d#--..|---.-------...|    |      |..---...........---.-- --...
      -d@d...-------------..|           -..  --....|....-- ---   --...
      |ddd-#.*.............--           ..    |.>----..(|         |....
      #-## ##-----------...|           |..    ----  -.. |         --.....
                       -----           --           ..-             ..|.--
                                                   |..              -----
                                                   ---
Gary the Ninja         St:18/02 Dx:15 Co:18 In:8 Wi:8 Ch:6  Lawful S:17036
Dlvl:8  $:0  HP:0(96) Pw:37(37) AC:3  Xp:9/3733 T:9911  Burdened

Latest messages:
 You hit the werewolf!
 The werewolf changes into a wolf.
 The werewolf summons help!
 A wolf suddenly appears next to you!
 A wolf suddenly appears next to you!
 A wolf suddenly appears next to you!
 A wolf suddenly appears next to you!
 A wolf suddenly appears next to you!
 The werewolf bites!
 You miss the wolf.
 The wolf bites!
 The wolf bites!
 The wolf bites!
 The wolf bites!
 The wolf bites!
 The werewolf bites!
 You avoid harm.
 Are you sure you want to pray? y
 You begin praying to Amaterasu Omikami.
 You are surrounded by a shimmering light.
 The wolf starts to attack you, but pulls back.
 The wolf starts to attack you, but pulls back.
 The wolf starts to attack you, but pulls back.
 The wolf starts to attack you, but pulls back.
 The wolf starts to attack you, but pulls back.
 The werewolf starts to attack you, but pulls back.
 The wolf starts to attack you, but pulls back.
 The wolf starts to attack you, but pulls back.
 The wolf starts to attack you, but pulls back.
 The wolf starts to attack you, but pulls back.
 The wolf starts to attack you, but pulls back.
 The werewolf starts to attack you, but pulls back.
 The wolf starts to attack you, but pulls back.
 The wolf starts to attack you, but pulls back.
 The wolf starts to attack you, but pulls back.
 The wolf starts to attack you, but pulls back.
 The wolf starts to attack you, but pulls back.
 The werewolf starts to attack you, but pulls back.
 You finish your prayer.
 You feel that Amaterasu Omikami is well-pleased.
 You feel in good health again.
 You see no objects here.
 What do you want to use or apply? [beknpsv-xHJKT or ?*] b
 You have a little trouble removing S - a scroll of teleportation.
 The wolf bites!
 The wolf bites!
 The wolf bites!
 The wolf bites!
 The wolf bites!
 You die...

Inventory:
 Weapons  (')')
  d - 8 +0 ya (in quiver)
  c - a +0 yumi (alternate weapon; not wielded)
  a - a +0 katana (weapon in right hand)
 Armor    ('[')
  A - an uncursed thoroughly rusty +0 orcish helm (being worn)
  q - an uncursed +0 pair of elven boots (being worn)
  F - an uncursed +0 elven cloak (being worn)
  U - an uncursed rusty +0 banded mail (being worn)
 Comestibles  ('%')
  D - an uncursed lembas wafer
  g - an uncursed tripe ration
  l - 2 uncursed lizard corpses
 Scrolls  ('?')
  S - a cursed scroll of teleportation
 Potions  ('!')
  f - 3 uncursed potions of healing
 Wands    ('/')
  T - a wand of magic missile (0:5)
  J - a wand of make invisible (0:7)
  x - a wand of undead turning (0:7)
 Tools    ('(')
  b - an uncursed bag of holding containing 55 items
  n - an empty uncursed bag of holding
  v - an empty uncursed sack
  w - an uncursed magic whistle
  k - an uncursed skeleton key
  s - an uncursed stethoscope
  K - an uncursed tin opener
  p - an uncursed towel
 Gems/Stones  ('*')
  C - 2 uncursed amethyst stones
  I - 2 uncursed chrysoberyl stones
  G - 2 uncursed diamonds
  B - 3 uncursed emeralds
  M - 2 uncursed fluorite stones
  E - an uncursed jasper stone
  L - 4 uncursed rubies
  h - 2 uncursed turquoise stones
  Q - 3 uncursed worthless pieces of black glass
  i - an uncursed worthless piece of blue glass
  W - 3 uncursed worthless pieces of green glass
  P - 2 cursed worthless pieces of green glass
  y - 7 uncursed worthless pieces of orange glass
  N - 4 uncursed worthless pieces of red glass
  t - 4 uncursed worthless pieces of violet glass
  j - 2 uncursed worthless pieces of white glass
  m - 2 uncursed worthless pieces of yellow glass
  X - 3 uncursed worthless pieces of yellowish brown glass
  H - an uncursed luckstone
  e - 2 uncursed touchstones

Contents of the bag of holding:
  1584 gold pieces
  a +0 wakizashi
  5 uncursed kiwifruits
  an uncursed banana
  an uncursed cram ration
  5 uncursed gunyoki
  an uncursed orange
  2 uncursed pears
  an uncursed tripe ration
  an uncursed tin of spinach
  an uncursed lichen corpse
  an uncursed scroll of amnesia
  8 uncursed scrolls of blank paper
  2 uncursed scrolls of confuse monster
  2 uncursed scrolls of create monster
  2 uncursed scrolls of destroy armor
  a cursed scroll of destroy armor
  an uncursed scroll of enchant armor
  a cursed scroll of enchant armor
  an uncursed scroll of enchant weapon
  an uncursed scroll of fire
  an uncursed scroll of food detection
  an uncursed scroll of gold detection
  3 uncursed scrolls of identify
  2 uncursed scrolls of light
  an uncursed scroll of remove curse
  an uncursed scroll of scare monster
  an uncursed potion of blindness
  an uncursed potion of confusion
  a blessed potion of extra healing
  2 cursed potions of extra healing
  an uncursed potion of fruit juice
  an uncursed potion of gain ability
  an uncursed potion of gain energy
  an uncursed potion of hallucination
  3 uncursed potions of healing
  an uncursed potion of invisibility
  a cursed potion of levitation
  an uncursed potion of object detection
  an uncursed potion of restore ability
  3 uncursed potions of sake
  3 cursed potions of sake
  an uncursed potion of see invisible
  an uncursed potion of speed
  a potion of holy water
  an uncursed potion of water
  an uncursed ring of fire resistance
  an uncursed +3 ring of increase accuracy
  an uncursed ring of poison resistance
  an uncursed ring of polymorph control
  a wand of striking (0:0)
  an uncursed partly used tallow candle
  3 uncursed tallow candles
  a cursed partly used tallow candle
  a cursed wax candle

Gary the Samurai's attributes:

Background:
 You were a Ninja, a level 9 male human Samurai.
 You were lawful, on a mission for Amaterasu Omikami
 who was opposed by Raijin (neutral) and Susanowo (chaotic).
 You were right-handed.
 You were in the Gnomish Mines, on level 8.
 You entered the dungeon 9911 turns ago.
 It was nighttime.
 You had 3733 experience points, 1387 more were needed to attain level 10.
 Your score was 17036 before end-of-game adjustments.

Basics:
 You had 0 out of 96 hit points.
 You had all 37 energy points (spell power).
 Your armor class was 3.
 Your wallet was empty, but
 you had 1584 zorkmids stashed away in your pack.
 Autopickup was on for '$' plus thrown.

Final Characteristics:
 Your strength was 18/02 (limit:18/100).
 Your dexterity was 15 (limit:18).
 Your constitution was 18 (limit:18).
 Your intelligence was 8 (limit:18).
 Your wisdom was 8 (limit:18).
 Your charisma was 6 (limit:18).

Final Status:
 You weren't hungry.
 You were burdened; movement was slightly slowed.
 You were wielding a long sword.
 You were skilled in long sword and could have enhanced that.

Final Attributes:
 You were piously aligned.
 You were sleep resistant.
 You were telepathic.
 You were stealthy.
 You were warded.
 You were fast.
 You were lucky.
 You had extra luck.
 Bad luck did not time out for you.
 Good luck did not time out for you.
 You are dead.

Miscellaneous:
 You didn't encounter any bones levels.
 Total elapsed playing time was 2 hours, 56 minutes and 13 seconds.

Major events:
 Turn
    1: Gary the lawful male human Samurai entered the dungeon
 1403: attained the rank of Ronin (level 3)
 2016: entered Sokoban
 2592: entered the Gnomish Mines
 2881: attained the rank of Ninja (level 6)
 3576: reached Mine Town
 9349: acquired the Mines' End luckstone
 9911: killed by a wolf

You didn't know any spells.

Skills:
 Fighting Skills
   martial arts      [Basic]
   two weapon combat [Unskilled]
   riding            [Unskilled]
 Weapon Skills
   dagger            [Unskilled]
   knife             [Unskilled]
   short sword       [Basic]
   broadsword        [Unskilled]
   long sword        [Skilled]
   two-handed sword  [Unskilled]
   saber             [Unskilled]
   flail             [Unskilled]
   quarterstaff      [Unskilled]
   polearms          [Unskilled]
   spear             [Unskilled]
   lance             [Unskilled]
   bow               [Basic]
   shuriken          [Unskilled]
 Spellcasting Skills
   attack spells     [Unskilled]
   divination spells [Unskilled]
   clerical spells   [Unskilled]

Voluntary challenges:
 Character rerolling was not enabled.
 You never genocided any monsters.
 You never polymorphed an object.
 You never changed form.
 You used no wishes.
 You did not violate any of the special Sokoban rules.
Achievements:
 You entered a shop.
 You attained the rank of Ronin.
 You entered Sokoban.
 You entered the Gnomish Mines.
 You attained the rank of Ninja.
 You entered Minetown.
 You entered a temple.
 You completed the Gnomish Mines.

 The Dungeons of Doom: levels 1 to 9
    Level 1:
       A fountain.
    Level 2:
       A general store.
       Stairs down to The Gnomish Mines.
    Level 3:
       A tool shop.
    Level 4:
       A general store, a fountain.
    Level 5:
       Many fountains.
       Oracle of Delphi.
    Level 6:
       Stairs up to Sokoban, level 5.
    Level 7:
       Some fountains.
    Level 8:
       A ring shop, a grave.
    Level 9:
       An altar to Amaterasu Omikami, a fountain, a sink.
 The Gnomish Mines: levels 3 to 11
    Level 3:
    Level 4:
    Level 5:
    Level 6:
       Many shops, a temple and an altar, many fountains.
    Level 7:
    Level 8: <- You were here.
       Final resting place for
          you, killed by a wolf.
    Level 9:
    Level 10:
    Level 11:
       A fountain.
 Sokoban:
    Level 5:
       Unsolved.


Vanquished creatures:
  2 small mimics
  a xan
  a large dog
  a leocrotta
 an elf mummy
  a human mummy
  a red naga
  2 Grey-elves
  a chameleon
  3 cockatrices
  5 wolves
  a winter wolf cub
  a lynx
  a panther
  a spotted jelly
  2 giant spiders
  a vampire bat
  3 gnome rulers
 an orc mummy
  2 rust monsters
 an owlbear
  a Green-elf
  2 lizards
  a blue jelly
  a plains centaur
  a gnome mummy
  a Woodland-elf
  a soldier ant
  3 bugbears
 an imp
  a quasit
  2 mountain nymphs
  5 Uruk-hai
  2 rock piercers
  a fog cloud
  a yellow light
 22 gnome leaders
  4 gnomish wizards
  a barrow wight
  4 elf zombies
  2 straw golems
  3 paper golems
  3 giant ants
  5 floating eyes
  a kitten
  5 dwarves
  a homunculus
 11 hill orcs
  3 rothes
  a rabid rat
  a centipede
  3 giant bats
  2 wererats
  a werejackal
  2 iguanas
  9 killer bees
 an acid blob
  3 hobbits
  a hobgoblin
  8 giant rats
  2 cave spiders
  2 brown molds
  a yellow mold
  a red mold
 66 gnomes
  4 gnome zombies
  9 geckos
  6 jackals
  a fox
  a kobold
  2 goblins
  3 sewer rats
  7 grid bugs
  2 bats
  2 lichens
  2 kobold zombies
  8 newts
273 creatures vanquished.

No species were genocided or became extinct.

Game over:
                       ----------
                      /          \
                     /    REST    \
                    /      IN      \
                   /     PEACE      \
                  /                  \
                  |       Gary       |
                  |     1584 Au      |
                  | killed by a wolf |
                  |                  |
                  |                  |
                  |                  |
                  |       2026       |
                 *|     *  *  *      | *
        _________)/\\_//(\/(/\)/\//\/|_)_______

Sayonara Gary the Samurai...

You died in The Gnomish Mines on dungeon level 8 with 16878 points,
and 1584 pieces of gold, after 9911 moves.
You were level 9 with a maximum of 96 hit points when you died.

